 Dungeon Crawl Stone Soup version 0.30-a0-949-g53dc5368d7 (webtiles) character file.

Game seed: 6622648036173520954

1960 Demosthentine the Trooper (level 9, -2/69 HPs)
             Began as a Demonspawn Gladiator on Mar 28, 2023.
             Slain by an orc warrior
             ... wielding a +0 glaive
              (8 damage)
             ... in a bailey.
             The game lasted 00:06:06 (5357 turns).

Demosthentine the Trooper (Demonspawn Gladiator)    Turns: 5357, Time: 00:06:06

Health: -2/69      AC:  8    Str: 18    XL:     9   Next: 0%
Magic:  9/9        EV: 14    Int:  9    God:
Gold:   440        SH:  0    Dex: 16    Spells: 8/8 levels left

rFire   . . .      SeeInvis .    n - +1 trident (vamp)
rCold   . . .      Faith    .    (no shield)
rNeg    . . .      Spirit   .    b - +0 leather armour
rPois   .          Reflect  .    c - +0 helmet
rElec   .          Rampage  .    g - +1 cloak
rCorr   .                        z - +0 pair of gloves
Will    .....                    (no boots)
Stlth   +                        k - amulet of regeneration
HPRegen 1.11/turn                (no ring)
MPRegen 0.11/turn                (no ring)

@: no status effects
A: hooves 2, spiny 2, demonic magic 2
a: no special abilities


You were in a bailey.
You visited 2 branches of the dungeon, and saw 8 of its levels.
You also visited: Bailey.

You collected 440 gold pieces.

Inventory:

Hand Weapons
 n - a +1 vampiric trident (weapon)
Missiles
 e - 4 javelins (quivered)
Armour
 b - a +0 leather armour (worn)
 c - a +0 helmet (worn)
 g - a +1 cloak (worn)
 z - a +0 pair of gloves (worn)
Jewellery
 k - an amulet of regeneration (around neck)
 v - a ring of fire
Wands
 l - a wand of mindburst (4)
 o - a wand of iceblast (13)
 x - a wand of flame (25)
 y - a wand of polymorph (12)
Scrolls
 f - 4 scrolls of teleportation
 p - a scroll of blinking
 u - 2 scrolls of amnesia
Potions
 a - 2 potions of flight
 h - 5 potions of attraction
 i - a potion of curing
 j - a potion of magic
 m - 2 potions of degeneration {unknown}
 s - a potion of invisibility


   Skills:
 + Level 6.1 Fighting
 + Level 5.9 Polearms
 - Level 1.7 Throwing
 + Level 5.2 Armour
 + Level 6.0 Dodging


You had 8 spell levels left.
You didn't know any spells.
Your spell library contained the following spells:

 Spells                   Type           Power      Damage    Failure   Level
 Sublimation of Blood     Necr           0%         N/A       56%         2
 Wereblood                Tmut           0%         N/A       56%         2
 Summon Hydra             Summ           0%         N/A       100%        7


Dungeon Overview and Level Annotations

Branches:
Dungeon (7/15)             Temple (1/1) D:6          Bailey (1/1)

Altars:
Cheibriados
Dithmenos
Fedhas
Kikubaaqudgha
Makhleb
Ru
Sif Muna
Uskayaw
Vehumet
Wu Jian
Xom
Yredelemnul


Innate Abilities, Weirdness & Mutations

You have hoof-like feet.
You are mostly covered in sharp spines.
Spells you cast may paralyse nearby enemies.


Message History

Unknown command.
Reach: n) +1 trident (vamp)
Press: ? - help, Dir - move target, f/p - orc warrior
Aim: an orc warrior, wielding a +0 glaive and wearing a +0 ring mail (almost dead, about 41% to evade your +1 vampiric trident)
You reach to attack!
You closely miss the orc warrior.
The orc warrior is almost dead.
The orc warrior hits you from afar with a +0 glaive!
* * * LOW HITPOINT WARNING * * *
Throw: throwing net
Press: ? - help, Q - select action, (/) - cycle Shift-Dir - straight line, f/p - orc warrior
Aim: an orc warrior, wielding a +0 glaive and wearing a +0 ring mail (almost dead, 56% to hit)
You throw a throwing net.
The throwing net closely misses the orc warrior.
You hear a splash.
The orc warrior hits you but does no damage.
Throw: 4 javelins
Press: ? - help, Q - select action, (/) - cycle Shift-Dir - straight line, f/p - orc warrior
Aim: an orc warrior, wielding a +0 glaive and wearing a +0 ring mail (almost dead, 56% to hit)
Okay, then.
Reach: n) +1 trident (vamp)
Press: ? - help, Dir - move target, f/p - orc warrior
Aim: an orc warrior, wielding a +0 glaive and wearing a +0 ring mail (almost dead, about 41% to evade your +1 vampiric trident)
You reach to attack!
You hit the orc warrior but do no damage.
The orc warrior is almost dead.
The orc warrior closely misses you.
Reach: n) +1 trident (vamp)
Press: ? - help, Dir - move target, f/p - orc warrior
Aim: an orc warrior, wielding a +0 glaive and wearing a +0 ring mail (almost dead, about 41% to evade your +1 vampiric trident)
You reach to attack!
You barely miss the orc warrior.
The orc warrior is almost dead.
The orc warrior barely misses you.
Reach: n) +1 trident (vamp)
Press: ? - help, Dir - move target, f/p - orc warrior
Aim: an orc warrior, wielding a +0 glaive and wearing a +0 ring mail (almost dead, about 41% to evade your +1 vampiric trident)
You reach to attack!
You hit the orc warrior but do no damage.
The orc warrior is almost dead.
The orc warrior hits you from afar with a +0 glaive!
You die...

################
##≈≈≈≈≈≈≈≈≈≈≈≈≈≈≈
##................
#..oo....o.o......
####o##########⌠..
#≈....).......##
#≈@..≈≈≈≈≈≈≈≈≈o...#
##≈..≈≈.......≈≈≈.⌠.
##≈≈....≈≈≈≈≈≈≈..≈≈..
##≈≈..)≈≈≈.....≈≈≈.≈≈.
#≈≈⌠..≈≈..≈≈≈≈≈..≈≈.≈.
#≈≈.)≈≈)≈≈≈...≈≈≈.≈.≈≈
#≈...≈.≈≈..⌠.⌠..≈.≈≈.≈
#≈..)≈.....∩∩∩..≈....≈
#≈...≈.≈≈..⌠.⌠..≈.≈≈.≈


You could see an orc warrior and an orc.

Vanquished Creatures
  A water moccasin (D:7)
  An ice beast (D:6)
  An orc warrior (D:6)
  2 ogres
  A centaur (Bailey)
  A phantom (D:5)
  Blork the orc (D:6)
  A bullfrog (D:7)
  3 scorpions
  4 killer bees (D:7)
  A howler monkey (D:7)
  6 hounds
  4 orc priests
  A gnoll bouda (D:5)
  2 sleepcaps
  An iguana (D:4)
  5 orc wizards
  Ijyb (D:3)
  3 gnolls (D:5)
  7 adders
  2 white imps
  2 ufetubi
  3 worms
  3 dart slugs
  33 orcs
  4 bats
  9 endoplasms
  A giant cockroach (D:4)
  8 hobgoblins
  12 jackals
  3 quokkas
  8 ball pythons
  7 frilled lizards
  12 goblins
  8 kobolds
  5 rats
167 creatures vanquished.

Vanquished Creatures (others)
  A plant (D:5)
1 creature vanquished.

Grand Total: 168 creatures vanquished

Notes
Turn   | Place    | Note
-------+----------+-------------------------------------------
     0 | D:1      | Demosthentine the Demonspawn Gladiator began the quest for
                  | the Orb.
     0 | D:1      | Reached XP level 1. HP: 16/16 MP: 1/1
   197 | D:1      | Gained mutation: Spells you cast may paralyse adjacent
                  | enemies. [demonic ancestry]
   197 | D:1      | Reached XP level 2. HP: 10/22 MP: 2/2
   366 | D:1      | Reached skill level 1 in Armour
   441 | D:1      | Gained mutation: You are partially covered in sharp spines.
                  | [demonic ancestry]
   441 | D:1      | Reached XP level 3. HP: 25/28 MP: 3/3
  1462 | D:2      | Reached XP level 4. HP: 34/34 MP: 4/4
  1760 | D:3      | Found a basalt altar of Yredelemnul.
  2305 | D:3      | Noticed Ijyb
  2317 | D:3      | Killed Ijyb
  2318 | D:3      | Gained mutation: Spells you cast may paralyse nearby
                  | enemies. [demonic ancestry]
  2318 | D:3      | Reached XP level 5. HP: 41/41 MP: 5/5
  2344 | D:3      | Found a faded altar of an unknown god.
  2350 | D:3      | Found a sacrificial altar of Ru.
  2784 | D:4      | Noticed an ogre
  2791 | D:4      | Killed an ogre
  2792 | D:4      | Gained mutation: You have large cloven feet. [demonic
                  | ancestry]
  2792 | D:4      | Reached XP level 6. HP: 34/47 MP: 6/6
  2993 | D:5      | Entered Level 5 of the Dungeon
  3055 | D:5      | Reached XP level 7. HP: 51/54 MP: 7/7
  3132 | D:5      | Found a snail-covered altar of Cheibriados.
  3608 | D:6      | Found a blossoming altar of Fedhas.
  3627 | D:6      | Found a staircase to the Ecumenical Temple.
  3677 | D:6      | Reached skill level 5 in Dodging
  3731 | D:6      | Reached skill level 5 in Fighting
  3731 | D:6      | Reached skill level 5 in Polearms
  3731 | D:6      | Gained mutation: You have hoof-like feet. [demonic
                  | ancestry]
  3731 | D:6      | Reached XP level 8. HP: 62/62 MP: 8/8
  3737 | Temple   | Entered the Ecumenical Temple
  3931 | D:6      | Found an ornate altar of the Wu Jian Council.
  4599 | D:6      | Noticed Blork the orc
  4611 | D:6      | Killed Blork the orc
  5089 | D:7      | Reached skill level 5 in Armour
  5136 | D:7      | Found a flagged portal.
  5143 | Bailey   | Entered a bailey
  5256 | Bailey   | Gained mutation: You are mostly covered in sharp spines.
                  | [demonic ancestry]
  5256 | Bailey   | Reached XP level 9. HP: 69/69 MP: 9/9
  5353 | Bailey   | HP: 2/69 [orc warrior/+0 glaive (8)]
  5357 | Bailey   | Slain by an orc warrior

Illustrated notes

Levels and vault maps discovered:
D:1:      minmay_arrival_loop, layout_loops_cross, st_stairs_13,
          minmay_statues_item
D:2:      layout_basic
D:3:      layout_basic, nicolae_overflow_ecumenical_swirl,
          general_overflow_altar, guppyfry_early_orc_mine, uniq_ijyb
D:4:      layout_rooms, amcnicky_altar_gilded, minmay_unequal
D:5:      layout_basic, mainiacjoe_overflow_concentric_impassable,
          grunt_ministairs_5, serial_bayou_pond_b
D:6:      layout_basic, lemuel_round_altar, mainiacjoe_overflow_alcove_1,
          minmay_temple_entry_proselytizer, uniq_blork_the_orc
D:7:      layout_loops_ring, marbit_many_paths, enter_bailey_5, hex_large,
          wad_woods_river_04, minmay_misc_feat_alley, solitary_fountain
Temple:   nicolae_temple_bog_church
Bailey:   bailey_polearm_flooded_kennysheep, bailey

Skill      XL: |  1  2  3  4  5  6  7  8 |
---------------+-------------------------+-----
Polearms       | 3 4 5 |  5.9
Armour         | 1 2 3 4 5 |  5.2
Dodging        | 3 4 5 6 |  6.0
Fighting       | 3 4 5 6 |  6.1
Throwing       | |  1.7

Action                     |  1- 3 |  4- 6 |  7- 9 || total
---------------------------+-------+-------+-------++-------
  Melee: Trident           |   147 |   132 |   258 ||   537
         Punch             |     2 |     1 |     2 ||     5
         Kick              |       |     4 |    43 ||    47
  Throw: Throwing net      |       |     1 |     3 ||     4
    Use: Scroll            |     5 |     8 |     6 ||    19
         Potion            |       |       |     5 ||     5
   Stab: Distracted        |     1 |       |       ||     1
         Sleeping          |       |     1 |       ||     1
         Held in net/web   |       |     1 |       ||     1
         Invisible         |       |       |     2 ||     2
 Armour: Leather armour    |    35 |    14 |    67 ||   116
  Dodge: Dodged            |    95 |    41 |   188 ||   324

Table legend: (Time is in decaauts)
 A = Elapsed time spent in this place.
 B = Non-inter-level travel time spent in this place.
 C = Inter-level travel time spent in this place.
 D = Time resting spent in this place.
 E = Time spent auto-exploring this place.
 F = Levels seen in this place.
 G = Mean time per level.
                   A        B        C        D        E       F      G
               +--------+--------+--------+--------+--------+-----+--------+
         Total |   5424 |   5253 |    171 |     73 |   3973 |   9 |  602.7 |
       Dungeon |   5014 |   4843 |    171 |     32 |   3753 |   7 |  716.3 |
        Temple |    183 |    183 |      0 |      0 |    162 |   1 |  183.0 |
        Bailey |    226 |    226 |      0 |     41 |     57 |   1 |  226.0 |
               +--------+--------+--------+--------+--------+-----+--------+

Top non-repeatable levels by time:
     D:6: 1304 daAuts
     D:1: 956 daAuts
     D:3: 921 daAuts
     D:2: 659 daAuts
     D:5: 583 daAuts
     D:4: 492 daAuts
  Bailey: 226 daAuts
  Temple: 183 daAuts
     D:7: 98 daAuts
